 Dungeon Crawl Stone Soup version 0.23-a0-612-gcb482e9 (webtiles) character file.

30 Borgoz the Skirmisher (level 3, -5/31 HPs)
             Began as a Ghoul Abyssal Knight on Dec 22, 2018.
             Was a Follower of Lugonu.
             Slain by a gnoll
             ... wielding a +0 spear
              (9 damage)
             ... on level 2 of the Dungeon.
             The game lasted 00:01:37 (934 turns).

Borgoz the Skirmisher (Ghoul Abyssal Knight)         Turns: 934, Time: 00:01:37

Health: -5/31      AC:  3    Str: 13 (15) XL:     3   Next: 20%
Magic:  3/3        EV: 11    Int:  7      God:    Lugonu [*.....]
Gold:   57         SH:  0    Dex:  8 (9)  Spells: 2/2 levels left

rFire    . . .     SeeInvis .   a - +1 hand axe
rCold    + . .     Gourm    .   (no shield)
rNeg     + + +     Faith    .   b - +0 leather armour
rPois    ∞         Spirit   .   (no helmet)
rElec    .         Reflect  .   (no cloak)
rCorr    .         Harm     .   (no gloves)
MR       .....                  (no boots)
Stlth    +.........             (no amulet)
HPRegen  0.00/turn              (no ring)
MPRegen  0.08/turn              (no ring)

@: rotting
A: rotting body, claws 1, carnivore, cold resistance 1, negative energy
resistance 3, inhibited regeneration, torment resistance, unbreathing
a: Depart the Abyss, Renounce Religion


You were on level 2 of the Dungeon.
You worshipped Lugonu.
Lugonu was aware of your devotion.
You were not hungry.

You visited 1 branch of the dungeon, and saw 2 of its levels.
You visited the Abyss 1 time.

You collected 57 gold pieces.

Inventory:

Hand Weapons
 a - a +1 hand axe (weapon)
Armour
 b - a +0 leather armour (worn)
Scrolls
 d - a scroll of amnesia {unknown}
 e - a scroll of fear {unknown}
 g - a scroll of identify {unknown}
 h - a scroll of enchant weapon {unknown}
 j - 2 scrolls of teleportation {unknown}
 l - 2 scrolls of remove curse {unknown}
Potions
 i - 2 potions of curing
Comestibles
 c - 4 rations
 f - 6 chunks of flesh


   Skills:
 + Level 3.6 Fighting
 + Level 2.1 Axes
 + Level 2.1 Armour
 + Level 1.3 Dodging
 + Level 2.4 Invocations


You had 2 spell levels left.
You didn't know any spells.
Your spell library was empty.

Dungeon Overview and Level Annotations

Branches:
Dungeon (2/15)

Altars:


Innate Abilities, Weirdness & Mutations

Your body is rotting away.
You thrive on raw meat.
You are immune to poison.
You have sharp fingernails.
You are carnivorous and can eat meat at any time.
Your flesh is cold resistant. (rC+)
You are immune to negative energy. (rN+++)
You do not regenerate when monsters are visible.
You are immune to unholy pain and torment.
You can survive without breathing.


Message History

You closely miss the bat. You barely miss the gnoll. The bat misses you.
The gnoll misses you. The gnoll closely misses you.
You hit the gnoll.
The gnoll is severely wounded.
You barely miss the gnoll.
The gnoll hits you from afar with a +0 spear.
The gnoll barely misses you. x3; The bat hits you.
Your leather armour prevents you from hitting the gnoll.
The gnoll is severely wounded.
You closely miss the bat. You hit the gnoll but do no damage.
You closely miss the gnoll. The bat hits you but does no damage.
The gnoll closely misses you. The gnoll barely misses you.
The gnoll hits you with a +0 club. The gnoll closely misses you.
The gnoll hits you with a +0 spear!
* * * LOW HITPOINT WARNING * * *
The bat hits you but does no damage. The bat barely misses you.
The gnoll hits you with a +0 club.
* * * LOW HITPOINT WARNING * * *
The gnoll hits you from afar with a +0 spear!
You die...

# #. .# #.#
####+#.### #.#
#........# #.#
#.g......#
#.########.gg.....#
#.#.......@bg......
#.#.#######$#......
#.........#.# .....
#.#.#####.#.# ....
#.#.# #.# ... #.#..
#.# .. ###.######
#.# # #.........#
..# #.#.#####.#


You could see 4 gnolls and a bat.

Vanquished Creatures
  An adder (D:2)
  A worm (D:2)
  A dart slug (D:1)
  A giant cockroach (D:2)
  4 hobgoblins (D:1)
  5 bats (D:1)
  3 kobolds
  2 rats (D:1)
18 creatures vanquished.

Notes
Turn   | Place    | Note
-------+----------+-------------------------------------------
     0 | Abyss:1  | Borgoz the Ghoul Abyssal Knight began the quest for the
                  | Orb.
     0 | Abyss:1  | Reached XP level 1. HP: 19/19 MP: 1/1
    46 | Abyss:1  | Noticed a smoke demon
    48 | D:1      | Escaped the Abyss
   209 | D:1      | Reached skill level 1 in Dodging
   233 | D:1      | Reached XP level 2. HP: 23/26 MP: 2/2
   591 | D:1      | Reached * piety under Lugonu
   763 | D:2      | Reached XP level 3. HP: 9/31 MP: 3/3
   934 | D:2      | Slain by a gnoll

Vault maps used:
D:1:      dpeg_arrival_refuge
D:2:      zin_academy, minmay_fractal_squares_gapless_5
Abyss:1:  guppyfry_abyss_exit_glass_guarded

Skill      XL: |  1  2 |
---------------+-------+-----
Dodging        | 1 |  1.3
Axes           | 2 |  2.1
Armour         | 2 |  2.1
Fighting       | |  3.6
Invocations    | |  2.4

Action                   || total
-------------------------++-------
Melee: Hand axe          ||    70
Invok: Depart the Abyss  ||     1
  Use: Potion            ||     3
  Eat: Chunk             ||     5
Armor: Leather armour    ||    31
Dodge: Dodged            ||    67

Table legend:
 A = Non-vault XP
 B = Vault XP
 C = Vault XP percentage of total XP
 D = Non-vault monster count
 E = Vault monster count
 F = Vault count percentage of total count
                 A         B        C        D         E       F
            +---------+---------+-------+---------+---------+-------
      Total |      44 |       0 |   0.0 |      18 |       0 |   0.0
            +---------+---------+-------+---------+---------+-------
        D:1 |      22 |       0 |   0.0 |      14 |       0 |   0.0
        D:2 |      22 |       0 |   0.0 |       4 |       0 |   0.0
            +---------+---------+-------+---------+---------+-------
